Workbook
Name \A: #REF!
Name \A: #REF!
Name \A: #REF!
Name \A: #REF!
Name \A: #REF!
Name \B: #REF!
Name \B: #REF!
Name \B: #REF!
Name \B: #REF!
Name \B: #REF!
Name \C: #REF!
Name \C: #REF!
Name \C: #REF!
Name \C: #REF!
Name \C: #REF!
Name \D: '[1]19.11-12'!$B$51
Name \G: #REF!
Name \G: #REF!
Name \G: #REF!
Name \G: #REF!
Name \G: #REF!
Name \I: #REF!
Name \I: #REF!
Name \I: #REF!
Name \I: #REF!
Name \I: #REF!
Name \L: '[1]19.11-12'!$B$53
Name \M: #REF!
Name \M: #REF!
Name \M: #REF!
Name \M: #REF!
Name \M: #REF!
Name \N: #REF!
Name \N: #REF!
Name \N: #REF!
Name \N: #REF!
Name \N: #REF!
Name \Q: #REF!
Name \Q: #REF!
Name \Q: #REF!
Name \Q: #REF!
Name \Q: #REF!
Name \S: #REF!
Name \S: #REF!
Name \T: [2]GANADE10!$B$90
Name \x: [3]Arlleg01!$IR$8190
Name \z: [3]Arlleg01!$IR$8190
Name _p421: [5]CARNE1!$B$44
Name _PEP1: '[7]19.11-12'!$B$51
Name _PEP2: [8]GANADE1!$B$75
Name _PEP3: '[7]19.11-12'!$B$53
Name _PP1: [8]GANADE1!$B$77
Name _PP2: '[7]19.22'!#REF!
Name _PP2: '[7]19.22'!#REF!
Name _PP2: '[7]19.22'!#REF!
Name _PP2: '[7]19.22'!#REF!
Name _PP2: '[7]19.22'!#REF!
Name _PP3: [8]GANADE1!$B$79
Name _PP4: '[7]19.11-12'!$B$51
Name _SUP1: #REF!

Sheet 6.1.1
A1: LA INDUSTRIA DE LA ALIMENTACIÓN
A3: 6.1.1. Análisis autonómico de empresas y establecimientos de la Industria de la Alimentación, 2025
A5: Comunidad Autónoma | B5: Empresas | D5: Establecimientos
B6: Número | C6: % sobre total | D6: Número | E6: % sobre total
A8: Andalucía | B8: 5076 | C8: =B8/$B$27*100 -> 18.585237 | D8: 6354 | E8: =D8/$D$27*100 -> 18.558869
A9: Aragón | B9: 893 | C9: =B9/$B$27*100 -> 3.2696251 | D9: 1166 | E9: =D9/$D$27*100 -> 3.4056722
A10: Asturias, Principado de | B10: 614 | C10: =B10/$B$27*100 -> 2.2480961 | D10: 733 | E10: =D10/$D$27*100 -> 2.1409586
A11: Baleares, Illes | B11: 597 | C11: =B11/$B$27*100 -> 2.1858524 | D11: 755 | E11: =D11/$D$27*100 -> 2.2052166
A12: Canarias | B12: 922 | C12: =B12/$B$27*100 -> 3.3758055 | D12: 1162 | E12: =D12/$D$27*100 -> 3.393989
A13: Cantabria | B13: 372 | C13: =B13/$B$27*100 -> 1.3620387 | D13: 442 | E13: =D13/$D$27*100 -> 1.291001
A14: Castilla y León | B14: 2736 | C14: =B14/$B$27*100 -> 10.017575 | D14: 3548 | E14: =D14/$D$27*100 -> 10.363058
A15: Castilla - La Mancha | B15: 2017 | C15: =B15/$B$27*100 -> 7.3850322 | D15: 2542 | E15: =D15/$D$27*100 -> 7.424716
A16: Cataluña | B16: 3690 | C16: =B16/$B$27*100 -> 13.510545 | D16: 4898 | E16: =D16/$D$27*100 -> 14.30616
A17: Comunitat Valenciana | B17: 2205 | C17: =B17/$B$27*100 -> 8.0733743 | D17: 2758 | E17: =D17/$D$27*100 -> 8.0556123
A18: Extremadura | B18: 1219 | C18: =B18/$B$27*100 -> 4.4632396 | D18: 1472 | E18: =D18/$D$27*100 -> 4.2994421
A19: Galicia | B19: 2142 | C19: =B19/$B$27*100 -> 7.8427065 | D19: 2658 | E19: =D19/$D$27*100 -> 7.7635307
... A25: Ceuta y Melilla | B25: 33 | C25: =B25/$B$27*100 -> 0.12082601 | D25: 42 | E25: =D25/$D$27*100 -> 0.1226743
A27: TOTAL | B27: 27312 | C27: 100 | D27: 34237 | E27: 100
A28: Fuente: Directorio Central de Empresas 2025 del I.N.E.
A29: Incluye la actividad principal | B29: 10: Industria de la alimentación
B30: 11: Industria de bebidas

Sheet 6.2.1
A1: LA INDUSTRIA DE LA ALIMENTACIÓN
A3: 6.2.1. Empresas y establecimientos de la Industria de la Alimentación según subsector de actividad, 2025
A5: Subsector de actividad | B5: Empresas | D5: Establecimientos | E5: Establecimientos | F5: Inversión neta en activos materiales (%)*
B6: Número | C6: % sobre total | D6: Número | E6: % sobre total
A8: Procesado y conservación de carne y elaboración de productos cárnicos | B8: 3016 | C8: 15.525584 | D8: 4056 | E8: 17.053481 | F8: 32.179378
A9: Procesado y conservación de pescados, crustáceos y moluscos | B9: 542 | C9: 2.7900752 | D9: 851 | E9: 3.5780357 | F9: 4.0584692
A10: Procesado y conservación de frutas y hortalizas | B10: 1258 | C10: 6.4758571 | D10: 1677 | E10: 7.0509586 | F10: 13.421891
A11: Fabricación de aceites y grasas vegetales y animales | B11: 1592 | C11: 8.1952023 | D11: 1990 | E11: 8.3669694 | F11: 7.8675753
A12: Fabricación de productos lácteos | B12: 1577 | C12: 8.1179862 | D12: 1933 | E12: 8.1273125 | F12: 10.29174
A13: Fabricación de productos de molinería, almidones y productos amiláceos | B13: 330 | C13: 1.6987542 | D13: 461 | E13: 1.9382778 | F13: 2.7753746
A14: Fabricación de productos de panadería y pastas alimenticias | B14: 10409 | C14: 53.582827 | D14: 11814 | E14: 49.672048 | F14: 18.330867
A15: Fabricación de productos para la alimentación animal | B15: 702 | C15: 3.6137136 | D15: 1002 | E15: 4.2129162 | F15: 11.074706
A17: TOTAL INDUSTRIA ALIMENTACIÓN | B17: 19426 | C17: 100 | D17: 23784 | E17: 100 | F17: 100
A18: Fuente: Directorio Central de Empresas 2025
A19: (*)Estadística estructural de empresas: sector industrial, 2024 I.N.E (último dato publicado)
A20: (*) Enlace de consulta

Sheet 6.3.1
A1: LA INDUSTRIA DE LA ALIMENTACIÓN
A3: 6.3.1. Evolución del número de empresas y establecimientos de la Industria de la Alimentación
A4: según subsector de actividad, 2025
A6: Subsector de actividad | B6: Empresas | E6: Establecimientos
B7: 2024 | C7: 2025 | D7: Var 25/24 | E7: 2024 | F7: 2025 | G7: Var 25/24
A8: Procesado y conservación de carne y elaboración de productos cárnicos | B8: 3147 | C8: 3016 | D8: =((C8-B8)/B8)*100 -> -4.1626946 | E8: 4165 | F8: 4056 | G8: =((F8-E8)/E8)*100 -> -2.6170468
A9: Procesado y conservación de pescados, crustáceos y moluscos | B9: 562 | C9: 542 | D9: =((C9-B9)/B9)*100 -> -3.5587189 | E9: 881 | F9: 851 | G9: =((F9-E9)/E9)*100 -> -3.4052213
A10: Procesado y conservación de frutas y hortalizas | B10: 1292 | C10: 1258 | D10: =((C10-B10)/B10)*100 -> -2.6315789 | E10: 1694 | F10: 1677 | G10: =((F10-E10)/E10)*100 -> -1.0035419
A11: Fabricación de aceites y grasas vegetales y animales | B11: 1621 | C11: 1592 | D11: =((C11-B11)/B11)*100 -> -1.7890191 | E11: 2004 | F11: 1990 | G11: =((F11-E11)/E11)*100 -> -0.69860279
A12: Fabricación de productos lácteos | B12: 1563 | C12: 1577 | D12: =((C12-B12)/B12)*100 -> 0.89571337 | E12: 1906 | F12: 1933 | G12: =((F12-E12)/E12)*100 -> 1.4165792
A13: Fabricación de productos de molinería, almidones y productos amiláceos | B13: 350 | C13: 330 | D13: =((C13-B13)/B13)*100 -> -5.7142857 | E13: 486 | F13: 461 | G13: =((F13-E13)/E13)*100 -> -5.1440329
A14: Fabricación de productos de panadería y pastas alimenticias | B14: 10657 | C14: 10409 | D14: =((C14-B14)/B14)*100 -> -2.3271089 | E14: 12045 | F14: 11814 | G14: =((F14-E14)/E14)*100 -> -1.9178082
A15: Fabricación de productos para la alimentación animal | B15: 713 | C15: 702 | D15: =((C15-B15)/B15)*100 -> -1.542777 | E15: 1024 | F15: 1002 | G15: =((F15-E15)/E15)*100 -> -2.1484375
A17: TOTAL INDUSTRIA ALIMENTACIÓN | B17: 19905 | C17: 19426 | D17: =((C17-B17)/B17)*100 -> -2.4064305 | E17: 24205 | F17: 23784 | G17: =(F17-E17)/E17*100 -> -1.7393101
A18: Fuente: Directorio Central de Empresas 2025 del I.N.E.
A19: Los datos por subsectores de actividad están referidos a CNAE-2009

Sheet 6.4.1
A1: LA INDUSTRIA DE LA ALIMENTACIÓN
A3: 6.4.1. Estructura de los subsectores de actividad de la Industria de la Alimentación
A4: según asalariados del establecimiento, 2025
A6: Subsector de actividad | B6: Hasta 49 asalariados (*) | D6: De 50 a 199 asalariados | F6: De 200 o más asalariados | H6: TOTAL
B7: Número | C7: % s/ total | D7: Número | E7: % s/ total | F7: Número | G7: % s/ total | H7: Total | I7: % s/ total
A8: Procesado y conservación de carne y elaboración de productos cárnicos | B8: 5283 | C8: 14.642055 | D8: 159 | E8: 28.545781 | F8: 78 | G8: 35.9447 | H8: =B8+D8+F8 -> 5520 | I8: =H8*100/$H$17 -> 14.977615
A9: Procesado y conservación de pescados, crustáceos y moluscos | B9: 818 | C9: 2.2671212 | D9: 61 | E9: 10.951526 | F9: 18 | G9: 8.2949309 | H9: =B9+D9+F9 -> 897 | I9: =H9*100/$H$17 -> 2.4338624
A10: Procesado y conservación de frutas y hortalizas | B10: 2093 | C10: 5.800837 | D10: 89 | E10: 15.978456 | F10: 38 | G10: 17.511521 | H10: =B10+D10+F10 -> 2220 | I10: =H10*100/$H$17 -> 6.023606
A11: Fabricación de aceites y grasas vegetales y animales | B11: 3039 | C11: 8.4227156 | D11: 30 | E11: 5.3859964 | F11: 9 | G11: 4.1474654 | H11: =B11+D11+F11 -> 3078 | I11: =H11*100/$H$17 -> 8.3516484
A12: Fabricación de productos lácteos | B12: 2916 | C12: 8.0818159 | D12: 35 | E12: 6.2836625 | F12: 26 | G12: 11.981567 | H12: =B12+D12+F12 -> 2977 | I12: =H12*100/$H$17 -> 8.0776014
A13: Fabricación de productos de molinería, almidones y productos amiláceos | B13: 612 | C13: 1.6961836 | D13: 9 | E13: 1.6157989 | F13: 8 | G13: 3.6866359 | H13: =B13+D13+F13 -> 629 | I13: =H13*100/$H$17 -> 1.7066884
A14: Fabricación de productos de panadería y pastas alimenticias | B14: 20153 | C14: 55.854882 | D14: 126 | E14: 22.621185 | F14: 30 | G14: 13.824885 | H14: =B14+D14+F14 -> 20309 | I14: =H14*100/$H$17 -> 55.105142
A15: Fabricación de productos para la alimentación animal | B15: 1167 | C15: 3.2343893 | D15: 48 | E15: 8.6175943 | F15: 10 | G15: 4.6082949 | H15: =B15+D15+F15 -> 1225 | I15: =H15*100/$H$17 -> 3.3238367
A17: TOTAL INDUSTRIA ALIMENTACIÓN | B17: 36081 | C17: =SUM(C8:C15) -> 100 | D17: 557 | E17: =SUM(E8:E15) -> 100 | F17: 217 | G17: =SUM(G8:G15) -> 100 | H17: =SUM(H8:H15) -> 36855 | I17: =SUM(I8:I15) -> 100
A18: Fuente: Directorio Central de Empresas 2025 del I.N.E.
A19: Los datos por subsectores de actividad están referidos a CNAE-2009.
A20: (*) Desde sin asalariados hasta 49 asalariados

Sheet 6.5.1
A1: LA INDUSTRIA DE LA ALIMENTACIÓN
A3: 6.5.1. Indicadores de la Industria de la Alimentación y Fabricación de bebidas según subsectores de actividad, 2023
A5: Subsector de actividad | B5: Número de empresas | C5: Cifra de negocios | D5: Valor de la producción | E5: Valor añadido a coste de los factores | F5: Excedente bruto de explotación | G5: Total de compras de bienes y servicios | H5: Inversión en activos materiales | I5: Gastos de personal | J5: Personal ocupado | K5: Personal remunerado
B6: Empresas | C6: Miles de euros | D6: Miles de euros | E6: Miles de euros | F6: Miles de euros | G6: Miles de euros | H6: Miles de euros | I6: Miles de euros | J6: Personas | K6: Personas
A8: 10 Industria de la alimentación | B8: 24277 | C8: 154655948 | D8: 146923150 | E8: 25178583 | F8: 10795426 | G8: 130867533 | H8: 4963557 | I8: 14383157 | J8: 435922 | K8: 420892
A9: 101 Procesado y conservación de carne y elaboración de productos cárnicos | B9: 3302 | C9: 41337319 | D9: 39246997 | E9: 6585922 | F9: 2430702 | G9: 35012147 | H9: 1320037 | I9: 4155220 | J9: 122942 | K9: 121518
A10: 102 Procesado y conservación de pescados, crustáceos y moluscos | B10: 580 | C10: 7968253 | D10: 7311154 | E10: 1232723 | F10: 448028 | G10: 6660006 | H10: 253984 | I10: 784696 | J10: 25355 | K10: 25148
A11: 103 Procesado y conservación de frutas y hortalizas | B11: 1351 | C11: 14747920 | D11: 14535879 | E11: 2674973 | F11: 1306183 | G11: 12371413 | H11: 536557 | I11: 1368790 | J11: 45583 | K11: 45011
A12: 104 Fabricación de aceites y grasas vegetales y animales | B12: 1671 | C12: 16193593 | D12: 14805983 | E12: 1307982 | F12: 774061 | G12: 15090155 | H12: 296552 | I12: 533921 | J12: 14578 | K12: 13710
A13: 105 Fabricación de productos lácteos | B13: 1635 | C13: 15533925 | D13: 14870405 | E13: 2239778 | F13: 1011562 | G13: 13587609 | H13: 508520 | I13: 1228217 | J13: 32783 | K13: 31875
A14: 106 Fabricación de productos de molinería, almidones y productos amiláceos | B14: 364 | C14: 5613175 | D14: 5107196 | E14: 647001 | F14: 322980 | G14: 4801331 | H14: 129200 | I14: 324021 | J14: 7034 | K14: 6826
A15: 107 Fabricación de productos de panadería y pastas alimenticias | B15: 11306 | C15: 12757197 | D15: 12626901 | E15: 4023625 | F15: 1430255 | G15: 8816924 | H15: 479177 | I15: 2593370 | J15: 102811 | K15: 93958
A16: 108 Fabricación de otros productos alimenticios | B16: 3324 | C16: 20516582 | D16: 19799015 | E16: 4520195 | F16: 1914484 | G16: 16355492 | H16: 990117 | I16: 2605711 | J16: 68156 | K16: 66362
A17: 109 Fabricación de productos para la alimentación animal | B17: 744 | C17: 19987984 | D17: 18619623 | E17: 1946382 | F17: 1157171 | G17: 18172456 | H17: 449412 | I17: 789211 | J17: 16680 | K17: 16484
A19: 11 Fabricación de bebidas | B19: 5053 | C19: 24267363 | D19: 24008583 | E19: 5993169 | F19: 3084511 | G19: 19267424 | H19: 1300088 | I19: 2908659 | J19: 63172 | K19: 60029
A20: 110 Fabricación de bebidas | B20: 5053 | C20: 24267363 | D20: 24008583 | E20: 5993169 | F20: 3084511 | G20: 19267424 | H20: 1300088 | I20: 2908659 | J20: 63172 | K20: 60029
A22: Fuente: Estadística estructural de empresa: sector industrial. Año 2023, I.N.E
A27: Indicadores de la Industria de la Alimentación y Fabricacion de bebidas según subsectores de actividad, 2024
A30: Subsector de actividad | B30: Número de empresas | C30: Cifra de negocios | D30: Valor de la producción | E30: Valor añadido a coste de los factores | F30: Excedente bruto de explotación | G30: Total de compras de bienes y servicios | H30: Inversión en activos materiales | I30: Gastos de personal | J30: Personal ocupado | K30: Personal remunerado
B31: Empresas | C31: Miles de euros | D31: Miles de euros | E31: Miles de euros | F31: Miles de euros | G31: Miles de euros | H31: Miles de euros | I31: Miles de euros | J31: Personas | K31: Personas
A33: 10 Industria de la alimentación | B33: 23858 | C33: 161110927 | D33: 152498992 | E33: 28830850 | F33: 13470646 | G33: 133483599 | H33: 5510747 | I33: 15360204 | J33: 447581 | K33: 432588
A34: 101 Procesado y conservación de carne y elaboración de productos cárnicos | B34: 3191 | C34: 42134672 | D34: 40016783 | E34: 7656894 | F34: 3256294 | G34: 34721203 | H34: 1353566 | I34: 4400601 | J34: 124442 | K34: 123125
A35: 102 Procesado y conservación de pescados, crustáceos y moluscos | B35: 575 | C35: 7944062 | D35: 7542614 | E35: 1387989 | F35: 573033 | G35: 6729517 | H35: 170712 | I35: 814956 | J35: 25345 | K35: 25135
A36: 103 Procesado y conservación de frutas y hortalizas | B36: 1321 | C36: 15932652 | D36: 15652386 | E36: 3097679 | F36: 1620350 | G36: 13288784 | H36: 564567 | I36: 1477329 | J36: 46475 | K36: 45935
A37: 104 Fabricación de aceites y grasas vegetales y animales | B37: 1653 | C37: 19314621 | D37: 17641694 | E37: 1937440 | F37: 1385685 | G37: 17076613 | H37: 330935 | I37: 551755 | J37: 15021 | K37: 13960
A38: 105 Fabricación de productos lácteos | B38: 1651 | C38: 15446325 | D38: 13900273 | E38: 2419955 | F38: 1121835 | G38: 13113568 | H38: 432903 | I38: 1298120 | J38: 33277 | K38: 32364
A39: 106 Fabricación de productos de molinería, almidones y productos amiláceos | B39: 345 | C39: 5472733 | D39: 5198434 | E39: 798321 | F39: 433790 | G39: 4618047 | H39: 116741 | I39: 364531 | J39: 7175 | K39: 7011
A40: 107 Fabricación de productos de panadería y pastas alimenticias | B40: 11084 | C40: 13334074 | D40: 13017993 | E40: 4434456 | F40: 1597269 | G40: 8911453 | H40: 771054 | I40: 2837187 | J40: 106576 | K40: 97894
A41: 108 Fabricación de otros productos alimenticios | B41: 3312 | C41: 23714287 | D41: 22978375 | E41: 4912881 | F41: 2122656 | G41: 19321116 | H41: 1304432 | I41: 2790225 | J41: 71884 | K41: 70070
A42: 109 Fabricación de productos para la alimentación animal | B42: 726 | C42: 17817499 | D42: 16550441 | E42: 2185235 | F42: 1359734 | G42: 15703298 | H42: 465837 | I42: 825500 | J42: 17386 | K42: 17094
A44: 11 Fabricación de bebidas | B44: 4952 | C44: 23266385 | D44: 22694621 | E44: 5766658 | F44: 3088804 | G44: 17958304 | H44: 1070068 | I44: 2677854 | J44: 57572 | K44: 55201
A45: 110 Fabricación de bebidas | B45: 4952 | C45: 23266385 | D45: 22694621 | E45: 5766658 | F45: 3088804 | G45: 17958304 | H45: 1070068 | I45: 2677854 | J45: 57572 | K45: 55201
A47: Fuente: Estadística estructural de empresa: sector industrial. Año 2024, I.N.E
A49: Para el ejercicio de referencia 2021, se produce una ruptura de la serie en la variable 'Número de empresas' . Pueden consultarse más detalles en la metodología.

Sheet 6.6
A1: LA INDUSTRIA DE LA ALIMENTACIÓN
A3: 6.6 Análisis autonómico de los indicadores de la Industria de la Alimentación, 2023
A5: Comunidad Autónoma | B5: Número de locales | C5: Cifra de negocios | D5: Sueldos y salarios | E5: Inversión en activos materiales | F5: Personal ocupado
B6: Locales | C6: Miles de euros | D6: Miles de euros | E6: Miles de euros | F6: Personas
A7: Andalucía | B7: 6056 | C7: 20434210 | D7: 1214988 | E7: 604555 | F7: 56811
A8: Aragón | B8: 1001 | C8: 8857558 | D8: 440274 | E8: 232320 | F8: 18263
A9: Asturias, Principado de | B9: 753 | C9: 2494290 | D9: 180979 | E9: 73404 | F9: 7020
A10: Baleares, Illes | B10: 547 | C10: 623211 | D10: 96924 | E10: 18372 | F10: 4591
A11: Canarias | B11: 854 | C11: 1244544 | D11: 169151 | E11: 39415 | F11: 8627
A12: Cantabria | B12: 429 | C12: 1868644 | D12: 183508 | E12: 41927 | F12: 6170
A13: Castilla y León | B13: 2812 | C13: 14951971 | D13: 1046451 | E13: 441888 | F13: 39180
A14: Castilla - La Mancha | B14: 1902 | C14: 9358927 | D14: 607517 | E14: 314677 | F14: 24840
A15: Cataluña | B15: 4049 | C15: 36779357 | D15: 2564883 | E15: 1080394 | F15: 88571
A16: Comunitat Valenciana | B16: 2967 | C16: 12529253 | D16: 1016563 | E16: 453967 | F16: 41797
A17: Extremadura | B17: 1731 | C17: 3833105 | D17: 229097 | E17: 169977 | F17: 10630
A18: Galicia | B18: 2176 | C18: 11928269 | D18: 770008 | E18: 409443 | F18: 32527
... A25: Melilla | B25: 23 | C25: 4654 | D25: 1545 | E25: 521 | F25: 105
A26: Fuente: Estadística estructural de empresa: sector industrial. Año 2023, I.N.E
A28: Para obtener los resultados por comunidades autónomas se considera como unidad estadística la Unidad Local cuya actividad principal es industrial.
A31: Análisis autonómico de los indicadores de la Industria de la Alimentación, 2024
A33: Comunidad Autónoma | B33: Número de locales | C33: Cifra de negocios | D33: Sueldos y salarios | E33: Inversión en activos materiales | F33: Personal ocupado
B34: Locales | C34: Miles de euros | D34: Miles de euros | E34: Miles de euros | F34: Personas
A35: Andalucía | B35: 5979 | C35: 22759126 | D35: 1258191 | E35: 534529 | F35: 57828
A36: Aragón | B36: 1303 | C36: 9212475 | D36: 479824 | E36: 302362 | F36: 18603
A37: Asturias, Principado de | B37: 757 | C37: 2414399 | D37: 180795 | E37: 75812 | F37: 7052
A38: Baleares, Illes | B38: 651 | C38: 559733 | D38: 95421 | E38: 16514 | F38: 4405
A39: Canarias | B39: 902 | C39: 1247630 | D39: 180152 | E39: 48407 | F39: 8807
A40: Cantabria | B40: 455 | C40: 2017236 | D40: 181927 | E40: 62003 | F40: 6360
A41: Castilla y León | B41: 2772 | C41: 15492087 | D41: 1099628 | E41: 482951 | F41: 40291
A42: Castilla - La Mancha | B42: 2223 | C42: 9905786 | D42: 650349 | E42: 290213 | F42: 25567
A43: Cataluña | B43: 3912 | C43: 37916880 | D43: 2692189 | E43: 1375084 | F43: 89963
A44: Comunitat Valenciana | B44: 2730 | C44: 13317929 | D44: 1105688 | E44: 478901 | F44: 43495
A45: Extremadura | B45: 1578 | C45: 3924729 | D45: 232126 | E45: 109062 | F45: 11140
A46: Galicia | B46: 2101 | C46: 11854310 | D46: 821496 | E46: 315312 | F46: 32387
... A53: Melilla | B53: 22 | C53: 5544 | D53: 1894 | E53: 52 | F53: 126
A54: Fuente: Estadística estructural de empresa: sector industrial. Año 2024, I.N.E
A56: Para obtener los resultados por comunidades autónomas se considera como unidad estadística la Unidad Local cuya actividad principal es industrial.

Sheet 6.7.1
A1: LA INDUSTRIA DE LA ALIMENTACIÓN
A3: 6.7.1. Evolución del Índice de Producción de la Industria de la Alimentación y Fabricación de Bebidas (Base 2021 = 100)
A5: División, grupos y clases | B5: 2024 | E5: 2025
B6: 1º Sem. | C6: 2º Sem. | D6: Media | E6: 1º Sem. | F6: 2º Sem. | G6: Media
A7: 10.1. Procesado y conservación de carne y elaboración de productos cárnicos | B7: 104.6155 | C7: 104.80133 | D7: 104.70842 | E7: 103.94267 | F7: 107.84517 | G7: 105.89392
A8: 10.2 .Procesado y conservación de pescados, crustáceos y moluscos | B8: 82.9965 | C8: 89.904333 | D8: 86.450417 | E8: 85.922 | F8: 94.321 | G8: 90.1215
A9: 10.3. Procesado y conservación de frutas y hortalizas | B9: 76.497 | C9: 86.305333 | D9: 81.401167 | E9: 75.631167 | F9: 87.6405 | G9: 81.635833
A10: 10.4. Fabricación de aceites y grasas vegetales y animales | B10: 58.707167 | C10: 79.4435 | D10: 69.075333 | E10: 68.594667 | F10: 73.528833 | G10: 71.06175
A11: 10.5. Fabricación de productos lácteos | B11: 114.13067 | C11: 103.29533 | D11: 108.713 | E11: 112.27483 | F11: 107.02933 | G11: 109.65208
A12: 10.6. Fabricación de productos de molinería, almidones y productos amiláceos | B12: 87.012 | C12: 87.001167 | D12: 87.006583 | E12: 90.7995 | F12: 89.219833 | G12: 90.009667
A13: 10.7. Fabricación de productos de panadería y pastas alimenticias | B13: 104.99183 | C13: 105.57433 | D13: 105.28308 | E13: 108.28367 | F13: 107.8125 | G13: 108.04808
A14: 10.8. Fabricación de otros productos alimenticios | B14: 99.449833 | C14: 100.41717 | D14: 99.9335 | E14: 100.578 | F14: 102.24917 | G14: 101.41358
A15: 10.9. Fabricación de productos para la alimentación animal | B15: 95.216667 | C15: 100.32 | D15: 97.768333 | E15: 96.607167 | F15: 103.36283 | G15: 99.985
A17: 10. INDUSTRIA DE LA ALIMENTACIÓN | B17: 96.9695 | C17: 99.190667 | D17: 98.080083 | E17: 98.11 | F17: 101.3 | G17: 99.75
A20: 11. FABRICACIÓN DE BEBIDAS | B20: 96.105833 | C20: 102.63833 | D20: 99.372083 | E20: 95.258167 | F20: 107.24233 | G20: 101.25
A22: ÍNDICE GENERAL (IPI) | B22: 103.39367 | C22: 99.345 | D22: 101.36933 | E22: 103.7 | F22: 101.6 | G22: 102.65
A23: Fuente: I.N.E.
A24: Los datos por división, grupos y clases están referidos a CNAE-2009.

Sheet 6.8.1
A1: LA INDUSTRIA DE LA ALIMENTACIÓN
A3: 6.8.1. Tasas de variación (%) del Índice de Producción Industria de la Alimentación y Fabricación de Bebidas
A4: (Base 2021 = 100) sobre el mismo período del año anterior
A6: División, grupos y clases | B6: 2025/2024
B7: 1º Sem. | C7: 2º Sem. | D7: Media
A8: 10.1. Procesado y conservación de carne y elaboración de productos cárnicos | B8: =('6.7.1'!E7-'6.7.1'!B7)*100/'6.7.1'!B7 -> -0.6431488 | C8: =('6.7.1'!F7-'6.7.1'!C7)*100/'6.7.1'!C7 -> 2.9043842 | D8: =('6.7.1'!G7-'6.7.1'!D7)*100/'6.7.1'!D7 -> 1.1321917
A9: 10.2 .Procesado y conservación de pescados, crustáceos y moluscos | B9: =('6.7.1'!E8-'6.7.1'!B8)*100/'6.7.1'!B8 -> 3.5248474 | C9: =('6.7.1'!F8-'6.7.1'!C8)*100/'6.7.1'!C8 -> 4.9126294 | D9: =('6.7.1'!G8-'6.7.1'!D8)*100/'6.7.1'!D8 -> 4.2464611
A10: 10.3. Procesado y conservación de frutas y hortalizas | B10: =('6.7.1'!E9-'6.7.1'!B9)*100/'6.7.1'!B9 -> -1.1318527 | C10: =('6.7.1'!F9-'6.7.1'!C9)*100/'6.7.1'!C9 -> 1.5470268 | D10: =('6.7.1'!G9-'6.7.1'!D9)*100/'6.7.1'!D9 -> 0.28828416
A11: 10.4. Fabricación de aceites y grasas vegetales y animales | B11: =('6.7.1'!E10-'6.7.1'!B10)*100/'6.7.1'!B10 -> 16.842066 | C11: =('6.7.1'!F10-'6.7.1'!C10)*100/'6.7.1'!C10 -> -7.4451235 | D11: =('6.7.1'!G10-'6.7.1'!D10)*100/'6.7.1'!D10 -> 2.8757251
A12: 10.5. Fabricación de productos lácteos | B12: =('6.7.1'!E11-'6.7.1'!B11)*100/'6.7.1'!B11 -> -1.6260602 | C12: =('6.7.1'!F11-'6.7.1'!C11)*100/'6.7.1'!C11 -> 3.6148777 | D12: =('6.7.1'!G11-'6.7.1'!D11)*100/'6.7.1'!D11 -> 0.8638188
A13: 10.6. Fabricación de productos de molinería, almidones y productos amiláceos | B13: =('6.7.1'!E12-'6.7.1'!B12)*100/'6.7.1'!B12 -> 4.3528479 | C13: =('6.7.1'!F12-'6.7.1'!C12)*100/'6.7.1'!C12 -> 2.5501574 | D13: =('6.7.1'!G12-'6.7.1'!D12)*100/'6.7.1'!D12 -> 3.4515587
A14: 10.7. Fabricación de productos de panadería y pastas alimenticias | B14: =('6.7.1'!E13-'6.7.1'!B13)*100/'6.7.1'!B13 -> 3.1353232 | C14: =('6.7.1'!F13-'6.7.1'!C13)*100/'6.7.1'!C13 -> 2.1199913 | D14: =('6.7.1'!G13-'6.7.1'!D13)*100/'6.7.1'!D13 -> 2.6262529
A15: 10.8. Fabricación de otros productos alimenticios | B15: =('6.7.1'!E14-'6.7.1'!B14)*100/'6.7.1'!B14 -> 1.1344078 | C15: =('6.7.1'!F14-'6.7.1'!C14)*100/'6.7.1'!C14 -> 1.8243893 | D15: =('6.7.1'!G14-'6.7.1'!D14)*100/'6.7.1'!D14 -> 1.4810682
A16: 10.9. Fabricación de productos para la alimentación animal | B16: =('6.7.1'!E15-'6.7.1'!B15)*100/'6.7.1'!B15 -> 1.4603536 | C16: =('6.7.1'!F15-'6.7.1'!C15)*100/'6.7.1'!C15 -> 3.0331273 | D16: =('6.7.1'!G15-'6.7.1'!D15)*100/'6.7.1'!D15 -> 2.2672645
A18: 10. INDUSTRIA DE LA ALIMENTACIÓN | B18: =('6.7.1'!E17-'6.7.1'!B17)*100/'6.7.1'!B17 -> 1.176143 | C18: =('6.7.1'!F17-'6.7.1'!C17)*100/'6.7.1'!C17 -> 2.1265442 | D18: =('6.7.1'!G17-'6.7.1'!D17)*100/'6.7.1'!D17 -> 1.7026053
A21: 11. FABRICACIÓN DE BEBIDAS | B21: =('6.7.1'!E20-'6.7.1'!B20)*100/'6.7.1'!B20 -> -0.88201375 | C21: =('6.7.1'!F20-'6.7.1'!C20)*100/'6.7.1'!C20 -> 4.4856535 | D21: =('6.7.1'!G20-'6.7.1'!D20)*100/'6.7.1'!D20 -> 1.8897829
A23: ÍNDICE GENERAL (IPI) | B23: =('6.7.1'!E22-'6.7.1'!B22)*100/'6.7.1'!B22 -> 0.29627862 | C23: =('6.7.1'!F22-'6.7.1'!C22)*100/'6.7.1'!C22 -> 2.2698676 | D23: =('6.7.1'!G22-'6.7.1'!D22)*100/'6.7.1'!D22 -> 1.263367
A24: Fuente: I.N.E.
A25: Los datos por división, grupos y clases están referidos a CNAE-2009.

Sheet 6.9.1
A1: LA INDUSTRIA DE LA ALIMENTACIÓN
A3: 6.9.1. Evolución del Índice de Precios de la Industria de la Alimentación y Fabricación de Bebidas (Base 2021 = 100)
A5: División, grupos y clases | B5: 2024 | E5: 2025
B6: 1º Sem. | C6: 2º Sem. | D6: Media | E6: 1º Sem. | F6: 2º Sem. | G6: Media
A7: 10.1. Procesado y conservación de carne y elaboración de productos cárnicos | B7: 126.446 | C7: 129.3485 | D7: 127.89725 | E7: 132.00833 | F7: 133.151 | G7: 132.57967
A8: 10.2 .Procesado y conservación de pescados, crustáceos y moluscos | B8: 120.4275 | C8: 120.8475 | D8: 120.6375 | E8: 122.60717 | F8: 124.04433 | G8: 123.32575
A9: 10.3. Procesado y conservación de frutas y hortalizas | B9: 128.96517 | C9: 130.2055 | D9: 129.58533 | E9: 132.51867 | F9: 134.72417 | G9: 133.62142
A10: 10.4. Fabricación de aceites y grasas vegetales y animales | B10: 179.037 | C10: 157.05933 | D10: 168.04817 | E10: 119.91 | F10: 117.864 | G10: 118.887
A11: 10.5. Fabricación de productos lácteos | B11: 130.57533 | C11: 131.40567 | D11: 130.9905 | E11: 133.13833 | F11: 134.0555 | G11: 133.59692
A12: 10.6. Fabricación de productos de molinería, almidones y productos amiláceos | B12: 133.48917 | C12: 129.9345 | D12: 131.71183 | E12: 130.8215 | F12: 125.8085 | G12: 128.315
A13: 10.7. Fabricación de productos de panadería y pastas alimenticias | B13: 123.5395 | C13: 124.8735 | D13: 124.2065 | E13: 127.03283 | F13: 128.04 | G13: 127.53642
A14: 10.8. Fabricación de otros productos alimenticios | B14: 130.25617 | C14: 133.14783 | D14: 131.702 | E14: 139.99567 | F14: 143.44417 | G14: 141.71992
A15: 10.9. Fabricación de productos para la alimentación animal | B15: 112.5475 | C15: 109.205 | D15: 110.87625 | E15: 111.21633 | F15: 107.11933 | G15: 109.16783
A17: 10. INDUSTRIA DE LA ALIMENTACIÓN | B17: 131.98517 | C17: 130.3205 | D17: 131.15283 | E17: 128.2145 | F17: 128.22083 | G17: 128.21767
A19: 11.0.1. Destilación, rectificación y mezcla de bebidas alcohólicas | B19: 113.6115 | C19: 114.116 | D19: 113.86375 | E19: 117.55483 | F19: 117.24483 | G19: 117.39983
A20: 11.0.2. Elaboración de vinos | B20: 111.728 | C20: 113.08883 | D20: 112.40842 | E20: 115.225 | F20: 116.43683 | G20: 115.83092
... A26: ÍNDICE GENERAL (IPRI) | B26: 122.372 | C26: 126.43967 | D26: 124.40583 | E26: 125.711 | F26: 125.22633 | G26: 125.46867
A27: Fuente: I.N.E.
A28: (1) No incluye la malta.
A29: Los datos por división, grupos y clases están referidos a CNAE-2009.

Sheet 6.10.1
A1: LA INDUSTRIA DE LA ALIMENTACIÓN
A3: 6.10.1. Tasas de variación (%) del Índice de Precios de la Industria de la Alimentación y Fabricación de Bebidas
A4: (Base 2021 = 100) sobre el mismo período del año anterior
A6: División, grupos y clases | B6: 2025/2024
B7: 1º Sem. | C7: 2º Sem. | D7: Media
A8: 10.1. Procesado y conservación de carne y elaboración de productos cárnicos | B8: =('6.9.1'!E7-'6.9.1'!B7)*100/'6.9.1'!B7 -> 4.3989793 | C8: =('6.9.1'!F7-'6.9.1'!C7)*100/'6.9.1'!C7 -> 2.9397326 | D8: =('6.9.1'!G7-'6.9.1'!D7)*100/'6.9.1'!D7 -> 3.6610769
A9: 10.2 .Procesado y conservación de pescados, crustáceos y moluscos | B9: =('6.9.1'!E8-'6.9.1'!B8)*100/'6.9.1'!B8 -> 1.809941 | C9: =('6.9.1'!F8-'6.9.1'!C8)*100/'6.9.1'!C8 -> 2.645345 | D9: =('6.9.1'!G8-'6.9.1'!D8)*100/'6.9.1'!D8 -> 2.2283701
A10: 10.3. Procesado y conservación de frutas y hortalizas | B10: =('6.9.1'!E9-'6.9.1'!B9)*100/'6.9.1'!B9 -> 2.7553952 | C10: =('6.9.1'!F9-'6.9.1'!C9)*100/'6.9.1'!C9 -> 3.4704115 | D10: =('6.9.1'!G9-'6.9.1'!D9)*100/'6.9.1'!D9 -> 3.1146143
A11: 10.4. Fabricación de aceites y grasas vegetales y animales | B11: =('6.9.1'!E10-'6.9.1'!B10)*100/'6.9.1'!B10 -> -33.025017 | C11: =('6.9.1'!F10-'6.9.1'!C10)*100/'6.9.1'!C10 -> -24.955749 | D11: =('6.9.1'!G10-'6.9.1'!D10)*100/'6.9.1'!D10 -> -29.254212
A12: 10.5. Fabricación de productos lácteos | B12: =('6.9.1'!E11-'6.9.1'!B11)*100/'6.9.1'!B11 -> 1.9628516 | C12: =('6.9.1'!F11-'6.9.1'!C11)*100/'6.9.1'!C11 -> 2.016529 | D12: =('6.9.1'!G11-'6.9.1'!D11)*100/'6.9.1'!D11 -> 1.9897753
A13: 10.6. Fabricación de productos de molinería, almidones y productos amiláceos | B13: =('6.9.1'!E12-'6.9.1'!B12)*100/'6.9.1'!B12 -> -1.9984144 | C13: =('6.9.1'!F12-'6.9.1'!C12)*100/'6.9.1'!C12 -> -3.1754461 | D13: =('6.9.1'!G12-'6.9.1'!D12)*100/'6.9.1'!D12 -> -2.5789887
A14: 10.7. Fabricación de productos de panadería y pastas alimenticias | B14: =('6.9.1'!E13-'6.9.1'!B13)*100/'6.9.1'!B13 -> 2.8277056 | C14: =('6.9.1'!F13-'6.9.1'!C13)*100/'6.9.1'!C13 -> 2.5357662 | D14: =('6.9.1'!G13-'6.9.1'!D13)*100/'6.9.1'!D13 -> 2.680952
A15: 10.8. Fabricación de otros productos alimenticios | B15: =('6.9.1'!E14-'6.9.1'!B14)*100/'6.9.1'!B14 -> 7.4771892 | C15: =('6.9.1'!F14-'6.9.1'!C14)*100/'6.9.1'!C14 -> 7.7330085 | D15: =('6.9.1'!G14-'6.9.1'!D14)*100/'6.9.1'!D14 -> 7.6065031
A16: 10.9. Fabricación de productos para la alimentación animal | B16: =('6.9.1'!E15-'6.9.1'!B15)*100/'6.9.1'!B15 -> -1.1827599 | C16: =('6.9.1'!F15-'6.9.1'!C15)*100/'6.9.1'!C15 -> -1.9098637 | D16: =('6.9.1'!G15-'6.9.1'!D15)*100/'6.9.1'!D15 -> -1.5408319
A18: 10. INDUSTRIA DE LA ALIMENTACIÓN | B18: =('6.9.1'!E17-'6.9.1'!B17)*100/'6.9.1'!B17 -> -2.8568867 | C18: =('6.9.1'!F17-'6.9.1'!C17)*100/'6.9.1'!C17 -> -1.6111561 | D18: =('6.9.1'!G17-'6.9.1'!D17)*100/'6.9.1'!D17 -> -2.2379743
A20: 11.0.1. Destilación, rectificación y mezcla de bebidas alcohólicas | B20: =('6.9.1'!E19-'6.9.1'!B19)*100/'6.9.1'!B19 -> 3.4708928 | C20: =('6.9.1'!F19-'6.9.1'!C19)*100/'6.9.1'!C19 -> 2.7418007 | D20: =('6.9.1'!G19-'6.9.1'!D19)*100/'6.9.1'!D19 -> 3.1055391
A21: 11.0.2. Elaboración de vinos | B21: =('6.9.1'!E20-'6.9.1'!B20)*100/'6.9.1'!B20 -> 3.1299227 | C21: =('6.9.1'!F20-'6.9.1'!C20)*100/'6.9.1'!C20 -> 2.9605045 | D21: =('6.9.1'!G20-'6.9.1'!D20)*100/'6.9.1'!D20 -> 3.0447008
... A27: ÍNDICE GENERAL (IPRI) | B27: =('6.9.1'!E26-'6.9.1'!B26)*100/'6.9.1'!B26 -> 2.7285654 | C27: =('6.9.1'!F26-'6.9.1'!C26)*100/'6.9.1'!C26 -> -0.95961447 | D27: =('6.9.1'!G26-'6.9.1'!D26)*100/'6.9.1'!D26 -> 0.85432757
A28: Fuente: I.N.E.
A29: (1) No incluye la malta.
A30: Los datos por división, grupos y clases están referidos a CNAE-2009.

Sheet 6.11.1
A1: LA INDUSTRIA DE LA ALIMENTACIÓN
A3: 6.11.1. Índice de Precios de Consumo de la Industria de la Alimentación y General (Base 2021 = 100)
A5: Subclases | B5: 2024 | E5: 2025
B6: 1º Sem. | C6: 2º Sem. | D6: Media | E6: 1º Sem. | F6: 2º Sem. | G6: Media
A7: Arroz | B7: 134.77717 | C7: 136.4705 | D7: 135.62383 | E7: 139.76983 | F7: 139.13167 | G7: 139.45075
A8: Pan | B8: 121.725 | C8: 122.87283 | D8: 122.29892 | E8: 124.36033 | F8: 123.958 | G8: 124.15917
A9: Pastas alimenticias y cuscús | B9: 131.32667 | C9: 130.3515 | D9: 130.83908 | E9: 132.19233 | F9: 130.711 | G9: 131.45167
A10: Harinas y otros cereales | B10: 138.5155 | C10: 140.28433 | D10: 139.39992 | E10: 143.00267 | F10: 143.7185 | G10: 143.36058
A11: Carnes de vacuno | B11: 124.3395 | C11: 127.82883 | D11: 126.08417 | E11: 139.33917 | F11: 149.16867 | G11: 144.25392
A12: Carne de porcino | B12: 128.50083 | C12: 130.02317 | D12: 129.262 | E12: 130.87417 | F12: 131.8125 | G12: 131.34333
A13: Carnes de ovino y caprino | B13: 124.81317 | C13: 134.54517 | D13: 129.67917 | E13: 139.34683 | F13: 146.3265 | G13: 142.83667
A14: Carne de ave | B14: 120.77033 | C14: 121.2615 | D14: 121.01592 | E14: 122.8745 | F14: 125.61267 | G14: 124.24358
A15: Otros preparados de carnes | B15: 123.36233 | C15: 124.60317 | D15: 123.98275 | E15: 127.71817 | F15: 131.252 | G15: 129.48508
A16: Otras carnes | B16: 131.36933 | C16: 131.651 | D16: 131.51017 | E16: 135.15917 | F16: 138.4835 | G16: 136.82133
A17: Pescado fresco o refrigerado | B17: 122.0625 | C17: 121.21383 | D17: 121.63817 | E17: 126.71917 | F17: 128.51133 | G17: 127.61525
A18: Pescado congelado | B18: 120.7925 | C18: 122.80783 | D18: 121.80017 | E18: 125.45733 | F18: 130.0455 | G18: 127.75142
... A37: Cerveza | B37: 123.38583 | C37: 123.97261 | D37: 123.67922 | E37: 126.27506 | F37: 125.74056 | G37: 126.00781
A39: Alimentos con elaboración, bebidas y tabaco | B39: 128.42683 | C39: 128.78117 | D39: 128.604 | E39: 129.97583 | F39: 130.818 | G39: 130.39692 | H39: 101.672
A40: Alimentos y bebidas | B40: 128.3315 | C40: 128.72267 | D40: 128.52708 | E40: 132.18617 | F40: 133.47533 | G40: 132.83075
A41: Alimentos elaborados | B41: 132.1415 | C41: 132.14617 | D41: 132.14383 | E41: 131.16617 | F41: 131.86533 | G41: 131.51575
A42: Alimentos sin elaboración | B42: 124.83733 | C42: 125.59733 | D42: 125.21733 | E42: 131.72767 | F42: 132.015 | G42: 131.87133
A44: ÍNDICE GENERAL | B44: 114.89083 | C44: 115.77433 | D44: 115.33258 | E44: 117.6875 | F44: 119.1435 | G44: 118.4155
A45: Fuente: I.N.E.

Sheet 6.12.1
A1: LA INDUSTRIA DE LA ALIMENTACIÓN
A3: 6.12.1. Tasa de variación del Índice de Precios de Consumo (Base 2021 = 100) sobre el mismo periodo del año anterior
A6: Subclases | B6: 2025/2024
B7: 1º Sem. | C7: 2º Sem. | D7: Media
A8: Arroz | B8: =('6.11.1'!E7-'6.11.1'!B7)*100/'6.11.1'!B7 -> 3.7043861 | C8: =('6.11.1'!F7-'6.11.1'!C7)*100/'6.11.1'!C7 -> 1.9499941 | D8: =('6.11.1'!G7-'6.11.1'!D7)*100/'6.11.1'!D7 -> 2.821714
A9: Pan | B9: =('6.11.1'!E8-'6.11.1'!B8)*100/'6.11.1'!B8 -> 2.1649894 | C9: =('6.11.1'!F8-'6.11.1'!C8)*100/'6.11.1'!C8 -> 0.8831624 | D9: =('6.11.1'!G8-'6.11.1'!D8)*100/'6.11.1'!D8 -> 1.5210683
A10: Pasta alimenticia | B10: =('6.11.1'!E9-'6.11.1'!B9)*100/'6.11.1'!B9 -> 0.65917052 | C10: =('6.11.1'!F9-'6.11.1'!C9)*100/'6.11.1'!C9 -> 0.27579276 | D10: =('6.11.1'!G9-'6.11.1'!D9)*100/'6.11.1'!D9 -> 0.46819598
A11: Harinas y cereales | B11: =('6.11.1'!E10-'6.11.1'!B10)*100/'6.11.1'!B10 -> 3.239469 | C11: =('6.11.1'!F10-'6.11.1'!C10)*100/'6.11.1'!C10 -> 2.4480044 | D11: =('6.11.1'!G10-'6.11.1'!D10)*100/'6.11.1'!D10 -> 2.841226
A12: Carnes de vacuno | B12: =('6.11.1'!E11-'6.11.1'!B11)*100/'6.11.1'!B11 -> 12.063477 | C12: =('6.11.1'!F11-'6.11.1'!C11)*100/'6.11.1'!C11 -> 16.694069 | D12: =('6.11.1'!G11-'6.11.1'!D11)*100/'6.11.1'!D11 -> 14.41081
A13: Carne de porcino | B13: =('6.11.1'!E12-'6.11.1'!B12)*100/'6.11.1'!B12 -> 1.84694 | C13: =('6.11.1'!F12-'6.11.1'!C12)*100/'6.11.1'!C12 -> 1.376165 | D13: =('6.11.1'!G12-'6.11.1'!D12)*100/'6.11.1'!D12 -> 1.6101664
A14: Carnes de ovino | B14: =('6.11.1'!E13-'6.11.1'!B13)*100/'6.11.1'!B13 -> 11.644338 | C14: =('6.11.1'!F13-'6.11.1'!C13)*100/'6.11.1'!C13 -> 8.7564151 | D14: =('6.11.1'!G13-'6.11.1'!D13)*100/'6.11.1'!D13 -> 10.146194
A15: Carne de aves | B15: =('6.11.1'!E14-'6.11.1'!B14)*100/'6.11.1'!B14 -> 1.7422877 | C15: =('6.11.1'!F14-'6.11.1'!C14)*100/'6.11.1'!C14 -> 3.5882507 | D15: =('6.11.1'!G14-'6.11.1'!D14)*100/'6.11.1'!D14 -> 2.6671423
A16: Preparados de carnes | B16: =('6.11.1'!E15-'6.11.1'!B15)*100/'6.11.1'!B15 -> 3.5309265 | C16: =('6.11.1'!F15-'6.11.1'!C15)*100/'6.11.1'!C15 -> 5.3360067 | D16: =('6.11.1'!G15-'6.11.1'!D15)*100/'6.11.1'!D15 -> 4.437983
A17: Otras carnes y casqueria | B17: =('6.11.1'!E16-'6.11.1'!B16)*100/'6.11.1'!B16 -> 2.8848691 | C17: =('6.11.1'!F16-'6.11.1'!C16)*100/'6.11.1'!C16 -> 5.189858 | D17: =('6.11.1'!G16-'6.11.1'!D16)*100/'6.11.1'!D16 -> 4.0385978
A18: Pescado fresco | B18: =('6.11.1'!E17-'6.11.1'!B17)*100/'6.11.1'!B17 -> 3.8149855 | C18: =('6.11.1'!F17-'6.11.1'!C17)*100/'6.11.1'!C17 -> 6.0203525 | D18: =('6.11.1'!G17-'6.11.1'!D17)*100/'6.11.1'!D17 -> 4.9138223
A19: Pescado congelado | B19: =('6.11.1'!E18-'6.11.1'!B18)*100/'6.11.1'!B18 -> 3.8618568 | C19: =('6.11.1'!F18-'6.11.1'!C18)*100/'6.11.1'!C18 -> 5.8934894 | D19: =('6.11.1'!G18-'6.11.1'!D18)*100/'6.11.1'!D18 -> 4.8860771
... A45: ÍNDICE GENERAL | B45: =('6.11.1'!E44-'6.11.1'!B44)*100/'6.11.1'!B44 -> 2.4341948 | C45: =('6.11.1'!F44-'6.11.1'!C44)*100/'6.11.1'!C44 -> 2.9101154 | D45: =('6.11.1'!G44-'6.11.1'!D44)*100/'6.11.1'!D44 -> 2.6730665
A46: Fuente: I.N.E.

Sheet 6.13
A1: LA INDUSTRIA DE LA ALIMENTACIÓN
A3: 6.13. Serie histórica de población activa, ocupada y parada
A4: en la Industria de la Alimentación (miles de personas) (1)
A6: Años | B6: Activos | C6: Ocupados | D6: Parados | E6: Tasa de paro (%)
A7: 2010 | B7: 438.425 | C7: 392.275 | D7: 46.15 | E7: 10.526316
A8: 2011 | B8: 439.6 | C8: 393.1 | D8: 46.5 | E8: 10.577798
A9: 2012 | B9: 445.725 | C9: 388.925 | D9: 56.8 | E9: 12.743283
A10: 2013 | B10: 454.1 | C10: 393.3 | D10: 60.8 | E10: 13.389121
A11: 2014 | B11: 468.5 | C11: 420.7 | D11: 47.8 | E11: 10.202775
A12: 2015 | B12: 454.1 | C12: 414 | D12: 40.1 | E12: 8.830654
A13: 2016 | B13: 468.925 | C13: 423.675 | D13: 45.25 | E13: 9.6497308
A14: 2017 | B14: 494.275 | C14: 448.025 | D14: 46.25 | E14: 9.3571392
A15: 2018 | B15: 485.3 | C15: 442.4 | D15: 42.9 | E15: 8.8398928
A16: 2019 | B16: 493.6 | C16: 456.1 | D16: 37.5 | E16: 7.5972447
A17: 2020 | B17: 508.9 | C17: 460.5 | D17: 48.4 | E17: 9.5107094
A18: 2021 | B18: 496.3 | C18: 457.4 | D18: 38.375 | E18: 7.8256436
... A20: 2023 | B20: 533.3 | C20: 492.675 | D20: 40.7 | E20: 7.6306539
A21: 2024 | B21: 520.025 | C21: 486.325 | D21: =B21-C21 -> 33.7 | E21: =(D21/B21)*100 -> 6.4804577
A22: 2025 | B22: 541 | C22: 501.7 | D22: =B22-C22 -> 39.3 | E22: =(D22/B22)*100 -> 7.2643253
A23: Fuente: I.N.E
A24: Media de los cuatro trimestres del año
A25: Metodología EPA-2005
A26: (1) Hasta el año 2008 se utiliza la CNAE-93, para años posteriores se utiliza la CNAE-2009
A27: P: Datos provisionales

Sheet 6.14
A1: LA INDUSTRIA DE LA ALIMENTACIÓN
A3: 6.14. Valor de los alimentos comprados
A5: Productos | B5: 2024 | C5: 2025
B6: Hogares | C6: Hogares
A8: Total Huevos (Kgs.) | B8: 1354.1363 | C8: 1665.3462
A9: Total Carne | B9: 16518.418 | C9: 17666.382
A10: Total Pesca | B10: 9381.2909 | C10: 9668.1937
A11: Total Leche Líquida | B11: 2733.8614 | C11: 2783.4912
A12: Total Otras Leches | B12: 205.53876 | C12: 181.91194
A13: Derivados Lácteos | B13: 7104.7056 | C13: 7680.6727
A14: Pan | B14: 3378.2128 | C14: 3480.7274
A15: Bollería/Pastelería/Galletas/Cereales | B15: 3585.151 | C15: 3707.666
A16: Chocolates/Cacaos/Suc | B16: 1438.0843 | C16: 1587.0806
A17: Cafés e Infusiones | B17: 1593.2089 | C17: 1756.1549
A18: Arroz | B18: 405.21137 | C18: 444.43852
A19: Total Pastas | B19: 525.04925 | C19: 530.6027
... A48: TOTAL ALIMENTACIÓN | B48: 83795.243 | C48: 87831.1

Sheet 6.15
A1: LA INDUSTRIA DE LA ALIMENTACIÓN
A3: 6.15. Evolución de la cantidad comprada total (millones de kg/litros) y por persona (1)
A5: Productos | B5: 2024 | D5: 2025 | F5: Evolución del volumen total 2024/2025 (%)
B6: Volumen total (millones de kg o litros) | C6: Volumen per cápita | D6: Volumen total (millones de kg o litros) | E6: Volumen per cápita
C7: (kg o litros/persona) | E7: (kg o litros/persona)
A8: Total Huevos (Kgs.) | B8: 419.65932 | C8: 8.9494066 | D8: 432.16686 | E8: 9.22458 | F8: 2.9804037
A9: Total Carne | B9: 1952.4334 | C9: 41.636441 | D9: 2019.4758 | E9: 43.10561 | F9: 3.4337868
A10: Total Pesca | B10: 843.50238 | C10: 17.988033 | D10: 834.03181 | E10: 17.802367 | F10: -1.1227674
A11: Total Leche Líquida | B11: 2896.7644 | C11: 61.774685 | D11: 2860.234 | E11: 61.051552 | F11: -1.261076
A12: Total Otras Leches | B12: 22.615693 | C12: 0.4822889 | D12: 21.739008 | E12: 0.46401804 | F12: -3.8764454
A13: Derivados Lácteos | B13: 1518.8134 | C13: 32.389317 | D13: 1582.1697 | E13: 33.771333 | F13: 4.1714341
A14: Pan | B14: 1287.1523 | C14: 27.449049 | D14: 1288.5215 | E14: 27.503428 | F14: 0.10637824
A15: Bollería/Pastelería/Galletas/Cereales | B15: 587.25216 | C15: 12.523392 | D15: 592.14813 | E15: 12.639372 | F15: 0.8337083
A16: Chocolates/Cacaos/Suc | B16: 142.19171 | C16: 3.0322963 | D16: 133.01016 | E16: 2.8390952 | F16: -6.4571606
A17: Cafés e Infusiones | B17: 83.000275 | C17: 1.7700148 | D17: 82.87612 | E17: 1.7689866 | F17: -0.14958384
A18: Arroz | B18: 176.44764 | C18: 3.7628181 | D18: 184.29456 | E18: 3.9337582 | F18: 4.4471663
A19: Total Pastas | B19: 200.76624 | C19: 4.2814222 | D19: 200.41278 | E19: 4.2778008 | F19: -0.1760555
... A46: TOTAL ALIMENTACIÓN | B46: 26823.42 | C46: 572.02 | D46: 27047.07 | E46: 577.32 | F46: 0.83

Sheet 6.16
A1: LA INDUSTRIA DE LA ALIMENTACIÓN
A3: 6.16. Evolución de la cuota de mercado en hogares (porcentaje del valor de venta)
A5: Productos | B5: I. Establecimientos convencionales
B6: Tiendas tradicionales | D6: Supermercados | F6: Hipermercados
B7: 2024 | C7: 2025 | D7: 2024 | E7: 2025 | F7: 2024 | G7: 2025
A8: Total Huevos (Kgs.) | B8: 8.188712 | C8: 7.4276638 | D8: 65.860495 | E8: 69.860012 | F8: 10.262096 | G8: 10.077295
A9: Total Carne | B9: 21.097697 | C9: 20.465559 | D9: 63.217542 | E9: 64.667239 | F9: 10.544406 | G9: 10.011791
A10: Total Pesca | B10: 22.167589 | C10: 22.19061 | D10: 60.335483 | E10: 61.487767 | F10: 12.72798 | G10: 12.186034
A11: Total Leche Líquida | B11: 0.8951685 | C11: 0.69963156 | D11: 74.59429 | E11: 74.696762 | F11: 17.771286 | G11: 17.751494
A12: Total Otras Leches | B12: 24.291754 | C12: 24.288068 | D12: 40.671933 | E12: 44.78797 | F12: 14.923482 | G12: 14.740292
A13: Derivados Lácteos | B13: 3.021025 | C13: 3.1059869 | D13: 78.607194 | E13: 79.467291 | F13: 13.956808 | G13: 13.156153
A14: Pan | B14: 27.685543 | C14: 27.154595 | D14: 60.125499 | E14: 61.434693 | F14: 7.8982881 | G14: 7.5413404
A15: Bollería/Pastelería/Galletas/Cereales | B15: 9.9234409 | C15: 8.8946102 | D15: 68.622652 | E15: 70.313736 | F15: 15.726581 | G15: 14.753834
A16: Chocolates/Cacaos/Suc | B16: 0.82792402 | C16: 1.0952325 | D16: 72.9857 | E16: 73.885802 | F16: 19.645507 | G16: 19.011406
A17: Cafés e Infusiones | B17: 1.3419805 | C17: 1.5203759 | D17: 63.296519 | E17: 65.465286 | F17: 17.7015 | G17: 16.772185
A18: Arroz | B18: 2.0349834 | C18: 2.189614 | D18: 74.232961 | E18: 76.449629 | F18: 14.086355 | G18: 12.862826
A19: Total Pastas | B19: 0.78440173 | C19: 0.6514984 | D19: 76.595797 | E19: 77.934739 | F19: 17.989345 | G19: 16.703727
... A48: TOTAL ALIMENTOS | B48: 13.83 | C48: 13.6 | D48: 64.72 | E48: 66.02 | F48: 13.05 | G48: 12.28
A52: Productos | B52: II. Establecimientos no convencionales: otros canales
B53: Economato / Cooperativa | D53: Mercadillos | F53: Venta a domicilio | H53: Autoconsumo | J53: Compra directa al productor | L53: e-commerce | N53: Resto canales
B55: 2024 | C55: 2025 | D55: 2024 | E55: 2025 | F55: 2024 | G55: 2025 | H55: 2024 | I55: 2025 | J55: 2024 | K55: 2025 | L55: 2024 | M55: 2025 | N55: 2024 | O55: 2025
A56: Total Huevos (Kgs.) | B56: 0.3396602 | C56: 0.23376027 | D56: 0.87461044 | E56: 0.7332696 | F56: 0.39320479 | G56: 0.24869827 | H56: 7.7197865 | I56: 5.846771 | J56: 2.3978479 | K56: 1.9789159 | L56: 1.5183181 | M56: 1.6146045 | N56: 2.4452775 | O56: 1.9790055
A57: Total Carne | B57: 0.24330705 | C57: 0.15371995 | D57: 0.15343487 | E57: 0.14169206 | F57: 0.17615559 | G57: 0.085158546 | H57: 0.74124285 | I57: 0.70927544 | J57: 0.43023869 | K57: 0.47485834 | L57: 1.5363075 | M57: 1.4234211 | N57: 1.8596676 | O57: 1.8672979
A58: Total Pesca | B58: 0.16706692 | C58: 0.10308389 | D58: 0.22116171 | E58: 0.23737157 | F58: 0.44819889 | G58: 0.46536769 | H58: 0.10346042 | I58: 0.064919798 | J58: 0.28524752 | K58: 0.15310222 | L58: 1.7382828 | M58: 1.526338 | N58: 1.8055315 | O58: 1.5854078
A59: Total Leche Líquida | B59: 0.42827862 | C59: 0.48030725 | D59: 0 | E59: 0.0073604783 | F59: 0.2973099 | G59: 0.20968212 | H59: 0.1645257 | I59: 0.094778593 | J59: 0.16039582 | K59: 0.15281143 | L59: 3.3460637 | M59: 3.5516724 | N59: 2.3426815 | O59: 2.3554974
A60: Total Otras Leches | B60: 0.33857052 | C60: 0.18416186 | D60: 0 | E60: 0 | F60: 0.0050006865 | G60: 0.017003667 | H60: 0 | I60: 0 | J60: 0.0038517377 | K60: 0.1601521 | L60: 14.70251 | M60: 12.56752 | N60: 5.0628931 | O60: 3.2548353
A61: Derivados Lácteos | B61: 0.22920676 | C61: 0.17114846 | D61: 0.20877928 | E61: 0.2256557 | F61: 0.22591361 | G61: 0.17206704 | H61: 0.0094801999 | I61: 0.0081211603 | J61: 0.29944768 | K61: 0.31769282 | L61: 2.0013206 | M61: 1.9510801 | N61: 1.4408269 | O61: 1.4248007
A62: Pan | B62: 0.26074744 | C62: 0.20492827 | D62: 0.092111577 | E62: 0.16408055 | F62: 1.2049224 | G62: 0.84823141 | H62: 0.069770029 | I62: 0.040368173 | J62: 0.052513127 | K62: 0.092749972 | L62: 1.0996859 | M62: 0.97761089 | N62: 1.5109085 | O62: 1.5414024
A63: Bollería/Pastelería/Galletas/Cereales | B63: 0.25579428 | C63: 0.23381965 | D63: 0.1909468 | E63: 0.238489 | F63: 0.13583602 | G63: 0.20257561 | H63: 0.044409987 | I63: 0.023131275 | J63: 0.20338112 | K63: 0.20927751 | L63: 1.9002559 | M63: 2.0259623 | N63: 2.9967039 | O63: 3.1045717
A64: Chocolates/Cacaos/Suc | B64: 0.36366511 | C64: 0.30767114 | D64: 0.037362267 | E64: 0.028406852 | F64: 0.050519457 | G64: 0.068467105 | H64: 0.0016005189 | I64: 0.00049899906 | J64: 0.10290119 | K64: 0.15752079 | L64: 2.2879266 | M64: 2.154826 | N64: 3.6968905 | O64: 3.2901821
A65: Cafés e Infusiones | B65: 0.50848444 | C65: 0.53593795 | D65: 0.059949607 | E65: 0.027978804 | F65: 0.12905289 | G65: 0.17960045 | H65: 0.004166215 | I65: 0 | J65: 0.093519078 | K65: 0.10741335 | L65: 7.6015035 | M65: 7.0222501 | N65: 9.263318 | O65: 8.3689833
A66: Arroz | B66: 0.22349862 | C66: 0.2141215 | D66: 0.01191753 | E66: 0.040592476 | F66: 2.6720779 | G66: 2.6161693 | H66: 0 | I66: 0 | J66: 0.043065141 | K66: 0.015659304 | L66: 2.8350209 | M66: 2.570335 | N66: 3.8601247 | O66: 3.0410479
A67: Total Pastas | B67: 0.19270628 | C67: 0.17524199 | D67: 0.0066717303 | E67: 0.019513564 | F67: 0.01064114 | G67: 0.01168547 | H67: 0.0042359809 | I67: 0 | J67: 0.01180592 | K67: 0.014963283 | L67: 2.9499943 | M67: 3.2244295 | N67: 1.454405 | O67: 1.2642043
... A96: TOTAL ALIMENTOS | B96: 0.32 | C96: 0.24 | D96: 0.9 | E96: 0.88 | F96: 0.56 | G96: 0.51 | H96: 1.41 | I96: 1.49 | J96: 0.4 | K96: 0.4 | L96: 2.18 | M96: 2.09 | N96: 2.65 | O96: 2.5
